 Dungeon Crawl Stone Soup version 0.28.0 (webtiles) character file.

Game seed: 941239323162579981

13819 Hasart the Carver (level 11, -3/92 HPs)
             Began as a Demigod Fighter on Feb 12, 2022.
             Slain by a white ugly thing (33 damage)
             ... on level 11 of the Dungeon.
             The game lasted 00:25:15 (12736 turns).

Hasart the Carver (Demigod Fighter)                Turns: 12736, Time: 00:25:16

Health: -3/92      AC: 17    Str: 26    XL:     11   Next: 51%
Magic:  14/14      EV: 16    Int:  8    God:
Gold:   684        SH: 13    Dex: 27    Spells: 10/10 levels left

rFire   + . .      SeeInvis .   q - +5 scimitar (freeze)
rCold   . . .      Faith    .   t - +0 kite shield {reflect}
rNeg    . . .      Spirit   .   L - +0 acid dragon scales
rPois   .          Reflect  +   n - +0 helmet
rElec   .          Harm     .   C - +2 cloak "Xuh Weetish" {Will++}
rCorr   +          Rampage  .   o - +2 pair of gloves
Will    +++..                   K - +0 pair of boots {Fly}
Stlth   ++........              k - amulet of regeneration
HPRegen 1.05/turn               h - ring "Akhec" {rF+ Str+5 Int-2}
MPRegen 0.14/turn               w - +6 ring of dexterity

@: flying
A: high MP 1, forlorn, divine attributes
a: no special abilities


You were on level 11 of the Dungeon.
You visited 1 branch of the dungeon, and saw 12 of its levels.

You collected 684 gold pieces.

Inventory:

Hand Weapons
 q - a +5 scimitar of freezing (weapon)
 J - a +4 dagger of flaming
Missiles
 c - 2 javelins
 v - 28 poisoned darts (quivered)
 B - 3 curare-tipped darts
Armour
 n - a +0 helmet (worn)
 o - a +2 pair of gloves (worn)
 t - a +0 kite shield of reflection (worn)
 C - the +2 cloak "Xuh Weetish" (worn) {Will++}
   (You found it on level 7 of the Dungeon)

   Will:      It greatly increases your willpower.
 K - a +0 pair of boots of flying (worn)
 L - +0 acid dragon scales (worn)
Jewellery
 h - the ring "Akhec" (left hand) {rF+ Str+5 Int-2}
   (You acquired it on level 4 of the Dungeon)

   [ring of protection from fire]

   Str:       It affects your strength (+5).
   Int:       It affects your intelligence (-2).
   rF:        It protects you from fire.
 k - an amulet of regeneration (around neck)
 u - a ring of fire
 w - a +6 ring of dexterity (right hand)
 F - a ring of willpower
 N - an amulet of magic regeneration
Wands
 x - a wand of iceblast (9)
 D - a wand of flame (11)
 M - a wand of digging (6)
Scrolls
 e - 3 scrolls of blinking
 g - 8 scrolls of teleportation
 m - 2 scrolls of vulnerability
 E - 2 scrolls of enchant weapon
 G - a scroll of silence
 I - a scroll of enchant armour
Potions
 a - 3 potions of invisibility
 b - a potion of haste
 d - 6 potions of brilliance
 f - 2 potions of mutation
 i - 2 potions of lignification
 j - 5 potions of degeneration
 p - 4 potions of attraction
 r - 3 potions of curing
 s - a potion of flight
 z - 3 potions of heal wounds
 A - 2 potions of berserk rage


   Skills:
 + Level 7.1 Fighting
 * Level 9.7 Long Blades
 + Level 4.9 Throwing
 + Level 7.2 Armour
 + Level 6.5 Dodging
 + Level 7.2 Shields
 + Level 4.5 Evocations


You had 10 spell levels left.
You didn't know any spells.
Your spell library contained the following spells:

 Spells                   Type           Power      Damage    Failure   Level
 Animate Skeleton         Necr           0%         N/A       80%         1
 Apportation              Tloc           0%         N/A       80%         1
 Pain                     Necr           0%         1d4       80%         1
 Summon Small Mammal      Summ           0%         N/A       80%         1
 Gell's Gravitas          Tloc           0%         N/A       99%         3
 Lesser Beckoning         Tloc           0%         N/A       99%         3
 Teleport Other           Tloc           0%         N/A       99%         3
 Agony                    Necr           0%         N/A       100%        5
 Excruciating Wounds      Necr           0%         N/A       100%        5


Dungeon Overview and Level Annotations

Branches:
Dungeon (12/15)            Temple (0/1) D:7            Lair (0/6) D:11
    Orc: D:9-12

Portals:
Trove: D:11 (give +3 fire dragon scales)

Annotations:
D:4 1 runed translucent door, Angani's ghost, weakling DrDe


Innate Abilities, Weirdness & Mutations

You have an increased reservoir of magic. (+10% MP)
You shall have no god before yourself.
Your divine heritage dramatically boosts your attributes as you level up.


Message History

No target in view!
No target in view!
Things that are here:
a +0 giant club; a +0 giant spiked club; a two-headed ogre corpse
There is a stone staircase leading up here.
Things that are here:
a +0 giant club; a +0 giant spiked club; a two-headed ogre corpse
Found a potion of brilliance.
v - 26 poisoned darts (gained 1)
v - 28 poisoned darts (gained 2)
d - 6 potions of brilliance (gained 1)
Things that are here:
a +0 giant club; a +0 giant spiked club; a two-headed ogre corpse
There is a stone staircase leading up here.
You fly upwards.
There is a stone staircase leading down here.
There are monsters nearby!
There is an open door here.
The white ugly thing barely misses you.
You slash the white ugly thing! You freeze the white ugly thing.
The white ugly thing is moderately wounded.
The white ugly thing closely misses you.
You slice the white ugly thing!! You freeze the white ugly thing.
The white ugly thing is heavily wounded.
The white ugly thing trunk-slaps you. The white ugly thing freezes you!!
You hit the white ugly thing but do no damage.
The white ugly thing is heavily wounded.
The white ugly thing trunk-slaps you but does no damage.
You closely miss the white ugly thing.
The white ugly thing is heavily wounded.
The white ugly thing trunk-slaps you. The white ugly thing freezes you!!
You block the white ugly thing's attack.
You block the white ugly thing's attack.
You slash the white ugly thing! You freeze the white ugly thing.
The white ugly thing is severely wounded.
The white ugly thing trunk-slaps you! The white ugly thing freezes you!!
* * * LOW HITPOINT WARNING * * *
The white ugly thing barely misses you. The white ugly thing trunk-slaps you.
The white ugly thing freezes you!!
You die...

# #......#..'.....# #...# #.#
######.#'####.....# #.### #.#
.#........(.'.....#####.#######.#
.#.####....##.....##....##.......
.#....'....#####'###.#####.....##
..#####....#####.###.#####.....##
..........................>....'.
..#########..###.###.##........##
...# #..# #@###+#...#.....##
.#.## #..###u................
.#..# #................##....
###.# #.#####..........##....
###.## #.# #..........##....
.##..# ##'#####..........##....
.###.# #......u........P.......
.###.## #......###........P..P##
......# #......# #.............#


You could see a white ugly thing.

Vanquished Creatures
  A centaur warrior (D:10)
  4 two-headed ogres
  Pikel (D:4)
  2 manticores
  2 cyclopes
  An unseen horror (D:11)
  A yaktaur (D:10)
  A troll (D:9)
  4 slime creatures
  A shadow (D:11)
  11 yaks
  3 wyverns (D:11)
  2 acid dragons
  4 water moccasins
  A sky beast (D:6)
  5 orc warriors
  A black bear (D:7)
  3 centaurs (D:11)
  3 necrophages
  5 ogres
  2 lemures
  A phantom (D:6)
  Blork the orc (D:5)
  3 kobold brigands
  2 bullfrogs (D:9)
  A gnoll sergeant (D:6)
  5 scorpions
  2 water moccasin skeletons
  6 killer bees (D:8)
  5 wights (D:10)
  2 electric eels (D:7)
  3 howler monkeys (D:11)
  3 centaur zombies
  2 gnoll shamans
  A jelly (D:8)
  3 orc priests
  2 bullfrog skeletons
  2 iguanas
  A scorpion zombie (D:5)
  9 orc wizards
  A hound zombie (D:5)
  A howler monkey zombie (D:6)
  13 gnolls
  A howler monkey skeleton (D:6)
  6 adders
  2 white imps (D:6)
  An ufetubus (D:5)
  2 worms (D:4)
  3 dart slugs
  22 orcs
  9 endoplasms
  A giant cockroach (D:2)
  5 goblins
  8 hobgoblins
  2 jackals (D:1)
  31 kobolds
  2 quokkas
  9 ball pythons
  A bat (D:1)
  3 frilled lizards
  8 rats
243 creatures vanquished.

Vanquished Creatures (others)
  A butterfly (D:7)
  2 fungi
  19 plants
22 creatures vanquished.

Grand Total: 265 creatures vanquished

Notes
Turn   | Place    | Note
-------+----------+-------------------------------------------
     0 | D:1      | Hasart the Demigod Fighter began the quest for the Orb.
     0 | D:1      | Reached XP level 1. HP: 18/18 MP: 3/3
    73 | D:1      | Reached skill level 2 in Long Blades
   294 | D:1      | Reached XP level 2. HP: 23/25 MP: 4/4
  1040 | D:1      | Reached XP level 3. HP: 29/30 MP: 5/5
  1453 | D:2      | Reached skill level 1 in Dodging
  2270 | D:3      | Reached XP level 4. HP: 33/38 MP: 6/6
  3157 | D:4      | Reached skill level 3 in Long Blades
  3364 | D:4      | Reached XP level 5. HP: 22/45 MP: 7/7
  3620 | D:4      | Noticed a water moccasin
  3632 | D:4      | Killed a water moccasin
  3638 | D:4      | HP: 2/45 [poisoned by a water moccasin]
  4323 | D:4      | Noticed a yak
  4323 | D:4      | Noticed a yak
  4323 | D:4      | Noticed a yak
  4555 | D:4      | Found a runed translucent door.
  4556 | D:4      | Noticed Angani's ghost (weakling DrDe)
  4604 | D:5      | Entered Level 5 of the Dungeon
  4693 | D:5      | Noticed a necrophage
  4724 | D:5      | Killed a necrophage
  4725 | D:5      | Reached XP level 6. HP: 48/51 MP: 8/8
  4788 | D:5      | Noticed Pikel
  5127 | D:4      | Reached skill level 4 in Long Blades
  5430 | D:4      | Identified a scroll of acquirement
  5430 | D:4      | Acquired the ring "Akhec" {rF+ Str+5 Int-2}
  5440 | D:4      | Killed a yak
  5520 | D:3      | HP: 1/52 [yak (7)]
  6023 | D:3      | Killed a yak
  6024 | D:3      | Reached XP level 7. HP: 25/59 MP: 9/9
  6517 | D:4      | Killed Pikel
  6518 | D:4      | Reached skill level 5 in Long Blades
  6518 | D:4      | Reached XP level 8. HP: 44/67 MP: 10/10
  7070 | D:5      | Noticed Blork the orc
  7080 | D:5      | Killed Blork the orc
  7081 | D:5      | Reached skill level 6 in Long Blades
  7409 | D:5      | Reached skill level 5 in Armour
  7409 | D:5      | Reached skill level 5 in Shields
  7416 | D:6      | Reached skill level 5 in Fighting
  7759 | D:6      | Reached skill level 1 in Throwing
  7759 | D:6      | Reached XP level 9. HP: 64/74 MP: 11/11
  8346 | D:6      | Reached skill level 7 in Long Blades
  8464 | D:7      | Identified the +2 cloak "Xuh Weetish" {Will++}
  8573 | D:7      | Found a staircase to the Ecumenical Temple.
  8641 | D:7      | Reached skill level 1 in Evocations
  8810 | D:8      | Noticed a two-headed ogre
  8845 | D:8      | Killed a two-headed ogre
  9332 | D:8      | Reached skill level 5 in Dodging
 10163 | D:9      | Noticed a two-headed ogre
 10204 | D:8      | Killed a two-headed ogre
 10205 | D:8      | Reached XP level 10. HP: 44/83 MP: 13/13
 10339 | D:8      | Reached skill level 8 in Long Blades
 10553 | D:9      | Noticed a manticore
 10566 | D:9      | Killed a manticore
 10972 | D:10     | Entered Level 10 of the Dungeon
 11058 | D:10     | Noticed a cyclops
 11062 | D:10     | Killed a cyclops
 11072 | D:10     | Noticed a two-headed ogre
 11089 | D:10     | Killed a two-headed ogre
 11134 | D:10     | Noticed a centaur warrior
 11150 | D:10     | Killed a centaur warrior
 11368 | D:10     | Reached skill level 9 in Long Blades
 11647 | D:11     | Noticed a cyclops
 11652 | D:11     | Killed a cyclops
 11653 | D:11     | Reached XP level 11. HP: 76/91 MP: 14/14
 11931 | D:11     | Found a staircase to the Lair.
 12088 | D:11     | Noticed a boulder beetle
 12441 | D:11     | Found a portal to a secret trove of treasure.
 12652 | D:12     | Noticed a two-headed ogre
 12659 | D:12     | Killed a two-headed ogre
 12736 | D:11     | Slain by a white ugly thing

Illustrated notes

Levels and vault maps discovered:
D:1:      minmay_arrival_checkered_box, layout_loops_ring,
          shapermc_ecumenical_altar_starsandcircs, minmay_split_cup_large
D:2:      layout_loops_cross, minmay_misc_feat_secret_circle,
          amcnicky_mini_pool_small
D:3:      layout_loops_ring, mainiacjoe_overflow_chevrons
D:4:      layout_loops_corners, ebering_ghost_inner_flame,
          cheibrodos_sewer_entry_bend
D:5:      layout_basic, amcnicky_mini_pool_medium, uniq_blork_the_orc,
          uniq_pikel
D:6:      layout_cave_pools
D:7:      layout_cave_pools, minmay_temple_entry_hall, serial_park,
          serial_park_fountain, serial_park_tiny_1, hangedman_glass_garden
D:8:      layout_layer_cave, nicolae_concentric_dashed_squares_mild
D:9:      layout_cave_pools
D:10:     layout_roguey, minivault_20
D:11:     layout_basic, minmay_lair_entry_grove, nicolae_trove_entry_diagonal
D:12:     layout_basic, zombieorc1_lemuel, nicolae_lava_and_water

Skill      XL: |  1  2  3  4  5  6  7  8  9 10 11 |
---------------+----------------------------------+-----
Long Blades    | 2 3 4 5 6 7 9 |  9.7
Shields        | 3 4 5 6 7 |  7.2
Armour         | 3 4 5 6 7 |  7.2
Fighting       | 3 4 5 6 7 |  7.1
Dodging        | 1 2 3 4 5 6 |  6.5
Throwing       | 1 3 4 |  4.9
Evocations     | 2 3 4 |  4.5

Action                   |  1- 3 |  4- 6 |  7- 9 | 10-12 || total
-------------------------+-------+-------+-------+-------++-------
Melee: Long sword        |   133 |   172 |   347 |   198 ||   850
       Scimitar          |       |       |       |   146 ||   146
Throw: Dart              |       |       |    13 |    17 ||    30
       Javelin           |       |       |     2 |       ||     2
Evoke: Wand              |       |       |     1 |       ||     1
  Use: Scroll            |       |    12 |     1 |    13 ||    26
       Potion            |       |     2 |       |       ||     2
 Stab: Sleeping          |       |       |       |     2 ||     2
Armor: Scale mail        |    60 |    49 |   135 |    41 ||   285
       Acid dragon scale |       |       |       |    91 ||    91
Dodge: Dodged            |    55 |    76 |   242 |   155 ||   528
Block: Buckler           |    20 |    43 |    37 |       ||   100
       Kite shield       |       |       |   213 |   231 ||   444
       Reflection        |       |       |     2 |    11 ||    13
